 Dungeon Crawl Stone Soup version 0.21.1-1-g345015fe64 (webtiles) character file.

226 IceCat the Cudgeler (level 6, -9/39 HPs)
             Began as a Gargoyle Berserker on July 27, 2018.
             Was a Believer of Trog.
             Mangled by an ogre
             ... wielding a +0 giant club
              (27 damage)
             ... on level 4 of the Dungeon.
             The game lasted 00:09:52 (2101 turns).

IceCat the Cudgeler (Gargoyle Berserker)            Turns: 2101, Time: 00:09:53

Health: -9/39      AC:  6    Str: 22    XL:     6   Next: 1%
Magic:  6/6        EV: 12    Int:  8    God:    Trog [**....]
Gold:   285        SH:  0    Dex:  9    Spells: 5/5 levels left

rFire    . . .     SeeInvis .   j - +0 mace (protect)
rCold    . . .     Gourm    .   (no shield)
rNeg     + . .     Faith    .   b - +0 animal skin
rPois    ∞         Spirit   .   (no helmet)
rElec    +         Reflect  .   (no cloak)
rCorr    .         Harm     .   (no gloves)
MR       .....                  (no boots)
Stlth    +.........             (no amulet)
HPRegen  0.13/turn              (no ring)
MPRegen  0.10/turn              (no ring)

@: no status effects
A: negative energy resistance 1, electricity resistance, unbreathing,
petrification resistance, rot immunity, AC +4
a: Berserk, Trog's Hand, Burn Spellbooks, Renounce Religion


You were on level 4 of the Dungeon.
You worshipped Trog.
Trog was pleased with you.
You were not hungry.

You visited 1 branch of the dungeon, and saw 4 of its levels.

You collected 285 gold pieces.

Inventory:

Hand Weapons
 a - a +0 mace
 j - a +0 mace of protection (weapon)
Armour
 b - a +0 animal skin (worn)
Scrolls
 d - a scroll of noise {unknown}
 e - 2 scrolls of fog {unknown}
 f - 4 scrolls of identify {unknown}
 g - a scroll of teleportation {unknown}
 m - 2 scrolls of remove curse {unknown}
Potions
 i - 3 potions of heal wounds {unknown}
 k - a potion of agility {unknown}
 l - a potion of curing {unknown}
 n - a potion of degeneration {unknown}
Comestibles
 c - 11 rations
 h - 6 chunks of flesh


   Skills:
 + Level 4.7 Fighting
 + Level 5.4 Maces & Flails
 + Level 2.5 Armour
 - Level 1.6 Dodging


You had 5 spell levels left.
You didn't know any spells.

Dungeon Overview and Level Annotations

Branches:
Dungeon (4/15)
 Temple: D:4-7

Altars:
Sif Muna


Innate Abilities, Weirdness & Mutations

You are resistant to torment.
Your stone body is resilient. (AC +4)
You are immune to poison.
You resist negative energy. (rN+)
You are resistant to electric shocks. (rElec)
You can survive without breathing.
You are immune to petrification.
You are immune to rotting.


Message History

The orc wizard gestures wildly while chanting.
The orc wizard blinks!
The orc wizard hits you but does no damage.
You hit the orc wizard.
You kill the orc wizard!
Trog accepts your kill.
Trog appreciates your killing of a magic user.
You have reached level 6!
Your experience leads to an increase in your attributes!
Increase (S)trength, (I)ntelligence, or (D)exterity?
You feel stronger.
Things that are here:
a dagger; a robe
Found a stone staircase leading down.
There is a stone staircase leading down here.
An ogre comes into view. It is wielding a giant club.
The ogre shouts!
The ogre hits you with a giant club!!
Ouch! That really hurt!
You die...

#.......##.#.####..#.##.#
#.......##.##.#.......#....#
...#.##.##.##.#.......#....#
.. #. #.......######. #....#
. #.##.#### #. .....# .
#.##>#### #. ## .. #.......#
.....####..# .... #@.#
.........O.# ...........# .
...##.##.# ## .. .# ##. .. #
.# .#


You could see an ogre.

Vanquished Creatures
  A hound (D:4)
  2 orc wizards
  6 adders
  A worm (D:3)
  4 dart slugs
  4 leopard geckos
  6 orcs (D:3)
  2 ball pythons
  4 giant cockroaches
  8 goblins
  4 hobgoblins
  6 jackals
  A quokka (D:3)
  4 bats
  A frilled lizard (D:1)
  9 kobolds
  4 rats
67 creatures vanquished.

Notes
Turn   | Place    | Note
-------+----------+-------------------------------------------
     0 | D:1      | IceCat the Gargoyle Berserker began the quest for the Orb.
     0 | D:1      | Reached XP level 1. HP: 14/14 MP: 1/1
   250 | D:1      | Reached XP level 2. HP: 19/19 MP: 2/2
   770 | D:2      | Reached XP level 3. HP: 24/24 MP: 3/3
   781 | D:2      | Reached ** piety under Trog
   980 | D:2      | Reached skill level 4 in Maces & Flails
   980 | D:2      | Reached XP level 4. HP: 18/29 MP: 4/4
  1318 | D:3      | Reached XP level 5. HP: 34/34 MP: 5/5
  1953 | D:4      | Reached skill level 5 in Maces & Flails
  2039 | D:4      | Found a deep blue altar of Sif Muna.
  2084 | D:4      | Reached XP level 6. HP: 16/39 MP: 6/6
  2101 | D:4      | Mangled by an ogre

Skill      XL: |  1  2  3  4  5 |
---------------+----------------+-----
Fighting       | 4 |  4.7
Maces & Flails | 4 5 |  5.4
Armour         | |  2.5
Dodging        | |  1.6

Action                   |  1- 3 |  4- 6 || total
-------------------------+-------+-------++-------
Melee: Mace              |    89 |   141 ||   230
Invok: Berserk           |     1 |     1 ||     2
  Eat: Chunk             |     1 |     5 ||     6
Armor: Animal skin       |    36 |    76 ||   112
Dodge: Dodged            |    69 |   154 ||   223
